 Dungeon Crawl Stone Soup version 0.25-a0-589-g1e14c549ee (webtiles) character file.

Game seed: 12132390765207488141, levelgen mode: deterministic

64 kae the Sneak (level 3, -1/24 HPs)
             Began as a Vampire Enchanter on Mar 9, 2020.
             Killed from afar by a dart slug (7 damage)
             ... with a slug dart
             ... on level 2 of the Dungeon.
             The game lasted 00:01:57 (1457 turns).

kae the Sneak (Vampire Enchanter)                   Turns: 1457, Time: 00:01:57

Health: -1/24      AC:  2    Str:  8    XL:     3   Next: 91%
Magic:  6/6        EV: 12    Int: 17    God:
Gold:   148        SH:  0    Dex: 12    Spells: 3/6 levels left

rFire    . . .     SeeInvis +   a - +2 dagger
rCold    . . .     Gourm    .   (no shield)
rNeg     . . .     Faith    .   b - +0 robe
rPois    .         Spirit   .   (no helmet)
rElec    .         Reflect  .   (no cloak)
rCorr    .         Harm     .   (no gloves)
MR       .....                  (no boots)
Stlth    +++.......             k - amulet of inaccuracy
HPRegen  0.28/turn              h - -2 ring of dexterity
MPRegen  0.10/turn              (no ring)

@: regenerating quickly, hasted, very quick
A: no food, fangs 3, see invisible, unbreathing
a: Exsanguinate


You were on level 2 of the Dungeon.
You were alive.

You visited 1 branch of the dungeon, and saw 2 of its levels.

You collected 148 gold pieces.

Inventory:

Hand Weapons
 a - a +2 dagger (weapon)
Armour
 b - a +0 robe (worn)
Jewellery
 h - a -2 ring of dexterity (left hand)
 k - an amulet of inaccuracy (around neck)
Scrolls
 i - a scroll of fear
 j - a scroll of identify {unknown}
 l - a scroll of magic mapping {unknown}
Potions
 c - 2 potions of stabbing {unknown}
 d - a potion of haste
 e - a potion of flight {unknown}
 f - a potion of invisibility {unknown}


   Skills:
 * Level 2.8 Short Blades
 - Level 2.1 Dodging
 + Level 5.1 Stealth
 + Level 2.4 Spellcasting
 + Level 5.0 Hexes


You had 3 spell levels left.
You knew the following spells:

 Your Spells              Type           Power        Failure   Level  Hunger
a - Corona                Hex            ###....      2%          1    N/A
b - Ensorcelled Hibernat  Hex/Ice        ##....       10%         2    N/A

Your spell library contained the following spells:

 Spells                   Type           Power        Failure   Level  Hunger
 Confusing Touch          Hex            ###.....     7%          3    N/A
 Tukima's Dance           Hex            ###.....     7%          3    N/A
 Dazzling Flash           Conj/Hex       ##....       21%         3    N/A

Dungeon Overview and Level Annotations

Branches:
Dungeon (2/15)

Altars:
Kikubaaqudgha

Annotations:
D:2 Crazy Yiuf


Innate Abilities, Weirdness & Mutations

You do not eat.
Your natural rate of healing is unusually fast.
You have razor-sharp teeth.
You have supernaturally acute eyesight. (SInv)
You can survive without breathing.


Message History

You feel as if something is helping you.
It was a scroll of remove curse.
You feel yourself speed up.
Crazy Yiuf hits you with a +4 quarterstaff of chaos!!
Ouch! That really hurt!
* * * LOW HITPOINT WARNING * * *
Crazy Yiuf barely misses you.
Crazy Yiuf rages.
Crazy Yiuf rages.
Crazy Yiuf rages.
Crazy Yiuf rages.
A dart slug comes into view.
The dart slug launches a dart at you. The slug dart hits you.
* * * LOW HITPOINT WARNING * * *
Crazy Yiuf is no longer berserk.
Crazy Yiuf says, "Paint koolooloo bag!"
The dart slug launches a dart at you. The slug dart hits you!
You die...

#.......#(..^.# #.............#
#.####..#..##.# #############.#
#.......#.....# #.#
####.######...# #.# #...........#
#.# #....⌠.≈.≈≈.## #.#
#..#...≈≈≈≈≈.## #.#
##.##.≈≈≈≈≈...##############.##
####.##..÷≈≈≈...@................
#.##.#...≈.....###.##########..##
...#.#...w....g# #.# #..#
.....#._≈....⌠.###.##########..#
...#.#....##..........##.......#
#.##.########...##.##.........##
#.##............##.##.##.######
#.##.#............%......#
#.##.#.#.###.##.##.##.#######♣♣♣♣


You could see a dart slug.

Vanquished Creatures
  2 adders (D:2)
  2 worms (D:2)
  A dart slug (D:2)
  A ball python (D:1)
  A giant cockroach (D:1)
  9 goblins
  4 hobgoblins
  3 jackals (D:1)
  A quokka (D:2)
  2 bats (D:2)
  2 frilled lizards
  4 kobolds
  6 rats
38 creatures vanquished.

Notes
Turn   | Place    | Note
-------+----------+-------------------------------------------
     0 | D:1      | kae the Vampire Enchanter began the quest for the Orb.
     0 | D:1      | Reached XP level 1. HP: 13/13 MP: 3/3
   100 | D:1      | Reached XP level 2. HP: 14/19 MP: 5/5
   125 | D:1      | Learned a level 2 spell: Ensorcelled Hibernation
   729 | D:2      | Reached XP level 3. HP: 20/24 MP: 3/6
   777 | D:2      | Reached skill level 5 in Stealth
   990 | D:2      | Reached skill level 5 in Hexes
  1071 | D:2      | Found a runed translucent door.
  1072 | D:2      | Noticed Crazy Yiuf
  1131 | D:2      | Found an ancient bone altar of Kikubaaqudgha.
  1178 | D:2      | Found a faded altar of an unknown god.
  1457 | D:2      | Killed from afar by a dart slug

Levels and vault maps discovered:
D:1:      enne_arrival_octagon_isle, layout_rooms
D:2:      layout_loops_ring, kiku_gazebo_pond_becter,
          chequers_ecumenical_altar_simple, minmay_close_crescents,
          uniq_crazy_yiuf_cottage

Skill      XL: |  1  2  3 |
---------------+----------+-----
Short Blades   | 2 |  2.8
Stealth        | 5 |  5.1
Hexes          | 5 |  5.0
Dodging        | |  2.1
Spellcasting   | |  2.4

Action                   || total
-------------------------++-------
Melee: Dagger            ||   130
       Bite              ||     7
 Cast: Ensorcelled Hiber ||    12
  Use: Scroll            ||     5
       Potion            ||     1
 Stab: Sleeping          ||    13
       Distracted        ||     1
Armor: Robe              ||    24
Dodge: Dodged            ||    74

Table legend:
 A = Non-vault XP
 B = Vault XP
 C = Vault XP percentage of total XP
 D = Non-vault monster count
 E = Vault monster count
 F = Vault count percentage of total count
                 A         B        C        D         E       F
            +---------+---------+-------+---------+---------+-------
      Total |      88 |       4 |   4.3 |      36 |       2 |   5.3
            +---------+---------+-------+---------+---------+-------
        D:1 |      34 |       0 |   0.0 |      20 |       0 |   0.0
        D:2 |      54 |       4 |   6.9 |      16 |       2 |  11.1
            +---------+---------+-------+---------+---------+-------
